 Dungeon Crawl Stone Soup version 0.31-a0-1574-g5526595cd0 (webtiles) character file.

Game seed: 9984611497968448825

6276 Pixllover the Geomancer (level 10, -4/56 HPs)
             Began as a Gargoyle Earth Elementalist on Jan 4, 2024.
             Was a Believer of Sif Muna.
             Slain by an unseen horror zombie (5 damage)
             ... on level 9 of the Dungeon.
             The game lasted 00:29:26 (9235 turns).

Pixllover the Geomancer (GrEE)                      Turns: 9235, Time: 00:29:27

Health: -4/56      AC: 21    Str: 11 (13) XL:     10   Next: 94%
Magic:  22/22      EV: 13    Int: 17 (19) God:    Sif Muna [**....]
Gold:   362        SH:  0    Dex:  9 (10) Spells: 14/25 levels left

rFire   + . .        a - +2 dagger (venom)
rCold   . . .        (no shield)
rNeg    + . .        Q - +2 robe {Will+}
rPois   ∞            B - +2 helmet
rElec   +            K - +0 cloak
rCorr   .            p - +0 pair of gloves
SInv    .            M - +0 pair of boots
Will    +....        t - amulet of magic regeneration
Stlth   +++          c - ring of protection from fire
HPRegen 0.29/turn    e - +4 ring of protection
MPRegen 0.58/turn

%: no passive effects
@: no status effects
A: sickness immunity, AC +7, negative energy resistance 1, electricity
resistance, torment resistance 1, petrification resistance
a: Renounce Religion, Channel Magic


You were on level 9 of the Dungeon.
You worshipped Sif Muna.
Sif Muna was pleased with you.
You visited 2 branches of the dungeon, and saw 10 of its levels.

You collected 428 gold pieces.
You spent 66 gold pieces at shops.

Inventory:

Hand Weapons
 a - a +2 dagger of venom (weapon)
Missiles
 k - 29 poisoned darts (quivered)
 u - a curare-tipped dart
 L - 6 atropa-tipped darts
Armour
 p - a +0 pair of gloves (worn)
 B - a +2 helmet (worn)
 K - a +0 cloak (worn)
 M - a +0 pair of boots (worn)
 Q - a +2 robe of willpower (worn)
Magical Staves
 b - a staff of earth
Jewellery
 c - a ring of protection from fire (left hand)
 e - a +4 ring of protection (right hand)
 i - an amulet of reflection
 t - an amulet of magic regeneration (around neck)
 y - a ring of positive energy
 I - an amulet of faith
Wands
 w - a wand of mindburst (14)
 C - a wand of digging (7)
 F - a wand of charming (23)
 O - a wand of flame (12)
 P - a wand of iceblast (4)
Scrolls
 f - 2 scrolls of blinking
 l - 2 scrolls of amnesia {unknown}
 m - a scroll of identify
 n - a scroll of poison
 s - a scroll of immolation {unknown}
 v - 2 scrolls of teleportation
 A - 2 scrolls of enchant armour
 D - 2 scrolls of brand weapon {unknown}
 G - 2 scrolls of summoning {unknown}
 J - a scroll of silence {unknown}
Potions
 d - a potion of might
 g - 2 potions of invisibility
 h - a potion of lignification
 j - 2 potions of berserk rage
 q - 2 potions of mutation
 z - a potion of cancellation
 H - 2 potions of curing
 N - a potion of magic


   Skills:
 + Level 4.1 Fighting
 + Level 5.8 Short Blades
 + Level 6.1 Dodging
 + Level 5.0 Stealth
 + Level 1.0 Shields
 + Level 8.3 Spellcasting
 + Level 2.2 Conjurations
 + Level 9.8 Earth Magic


You had 14 spell levels left.
You knew the following spells:

 Your Spells              Type           Power      Damage    Failure   Level
a - Sandblast             Erth           80%        2d17      1%          1
b - Passwall              Erth           40%        N/A       1%          3
c - Stone Arrow           Conj/Erth      54%        3d10      2%          3
d - Brom's Barrelling Bo  Conj/Erth      27%        2d5       9%          4

Your spell library contained the following spells:

 Spells                   Type           Power      Damage    Failure   Level
 Magic Dart               Conj           56%        1d5       4%          1
 Petrify                  Alch/Erth      23%        N/A       13%         4
 Blink                    Tloc           14%        N/A       16%         2
 Call Imp                 Summ           14%        N/A       16%         2
 Ensorcelled Hibernation  Hex/Ice        14%        N/A       16%         2
 Lesser Beckoning         Tloc           14%        N/A       16%         2
 Mercury Vapours          Alch/Air       14%        N/A       16%         2
 Mephitic Cloud           Conj/Alch/Air  9%         N/A       22%         3
 Gell's Gravitas          Tloc           7%         N/A       30%         3
 Swiftness                Air            7%         N/A       30%         3
 Teleport Other           Tloc           7%         N/A       30%         3
 Freezing Cloud           Conj/Ice/Air   4%         6-21      91%         5
 Dispersal                Tloc           3%         N/A       100%        6


Dungeon Overview and Level Annotations

Branches:
Dungeon (9/15)             Temple (1/1) D:6
   Lair: D:8-11         Orc: D:9-12

Altars:
Cheibriados
Dithmenos
Elyvilon
Fedhas
Gozag
Hepliaklqana
Kikubaaqudgha
Makhleb
Nemelex Xobeh
Qazlal
Ru
Sif Muna
Trog
Wu Jian
Zin

Shops:
D:1 *

Annotations:
D:8 exclusion: oklob sapling


Innate Abilities, Weirdness & Mutations

You are immune to sickness and miasma.
Your stone body is resilient. (AC +7)
You are immune to poison.
You resist negative energy. (rN+)
You are resistant to electric shocks. (rElec)
You are resistant to unholy torment.
You are immune to petrification.


Message History

The blast of sand hits the unseen horror zombie.
The unseen horror zombie is almost destroyed.
The unseen horror zombie hits you but does no damage.
The unseen horror zombie hits you.
* * * LOW HITPOINT WARNING * * *
The unseen horror zombie hits you but does no damage.
The unseen horror zombie misses you.
The unseen horror zombie hits you but does no damage. x2
The unseen horror zombie barely misses you.
The unseen horror zombie hits you but does no damage.
The unseen horror zombie closely misses you.
The unseen horror zombie attacks as it pursues you!
The unseen horror zombie closely misses you.
The unseen horror zombie barely misses you.
The unseen horror zombie hits you but does no damage. x2
The unseen horror zombie attacks as it pursues you!
The unseen horror zombie hits you.
* * * LOW HITPOINT WARNING * * *
The unseen horror zombie attacks as it pursues you!
The unseen horror zombie barely misses you.
The unseen horror zombie hits you but does no damage.
The unseen horror zombie closely misses you.
The unseen horror zombie barely misses you.
Casting: Sandblast (safe; 1% risk of failure)
Confirm with . or Enter, or press ? or * to list all spells.
Aiming: Sandblast (safe; 1% risk of failure)
Press: ? - help, Shift-Dir - straight line, f/p - unseen horror zombie
Aim: an unseen horror zombie (almost destroyed, 95% to hit)
The blast of sand misses the unseen horror zombie.
The unseen horror zombie barely misses you.
The unseen horror zombie hits you but does no damage. x5
The unseen horror zombie hits you.
* * * LOW HITPOINT WARNING * * *
The unseen horror zombie hits you but does no damage.
It was a potion of degeneration.
There was something very wrong with that liquid.
You feel weakened.
You feel dopey.
You feel clumsy.
The unseen horror zombie hits you but does no damage.
The unseen horror zombie hits you.
You die...

'..............#. .#
#..............#.# .#
#..............#.# .+
#......... ....#.#++####.####+#
##'######## ...#...............
..........###..#...............
............#'##...............
.................Z..###........
................@Z..# +........
....................# #.......♣
....................# ####...♣.
......###''########.# ...♣
......#...........#.# ...♣
...####...........#.# ♣.♣.
...#..............#.#
...#..=...........#.#
...#..............#


You could see 2 unseen horror zombies.

Vanquished Creatures
  A two-headed ogre (D:8)
  A cyclops (D:7)
  Psyche (D:9)
  Grinder (D:5)
  2 wyverns
  5 yaks
  4 steam dragons
  Edmund (D:5)
  Duvessa (D:5)
  3 water moccasins
  2 orc warriors (D:8)
  A sky beast (D:6)
  2 centaurs
  2 kobold brigands
  5 bullfrogs
  2 scorpions
  5 wights
  Dowan (D:5)
  7 killer bees
  2 bombardier beetles (D:5)
  5 hounds
  3 jellies
  9 orc priests
  A gnoll bouda (D:9)
  4 sleepcaps
  2 iguanas (D:5)
  7 orc wizards
  5 gnolls (D:8)
  8 adders
  A shadow imp (D:8)
  A white imp (D:5)
  4 ufetubi (D:5)
  2 ribbon worms
  29 orcs
  15 ball pythons
  3 bats
  6 endoplasms
  5 giant cockroaches
  6 goblins
  6 hobgoblins
  7 jackals
  12 kobolds
  7 quokkas
  5 frilled lizards
  4 rats
206 creatures vanquished.

Vanquished Creatures (collateral kills)
  2 boulders (D:8)
2 creatures vanquished.

Vanquished Creatures (others)
  A boulder (D:8)
1 creature vanquished.

Grand Total: 209 creatures vanquished

Notes
Turn   | Place    | Note
-------+----------+-------------------------------------------
     0 | D:1      | Pixllover the Gargoyle Earth Elementalist began the quest
                  | for the Orb.
     0 | D:1      | Reached XP level 1. HP: 10/10 MP: 3/3
   110 | D:1      | Found Jula Yja's General Store.
   125 | D:1      | Reached skill level 4 in Earth Magic
   170 | D:1      | Reached XP level 2. HP: 12/15 MP: 5/5
   606 | D:1      | Reached XP level 3. HP: 19/19 MP: 3/6
   872 | D:1      | Found a faded altar of an unknown god.
  1124 | D:2      | Found an opulent altar of Gozag.
  1294 | D:2      | Reached XP level 4. HP: 24/24 MP: 2/8
  1838 | D:1      | Bought a scroll of identify for 22 gold pieces
  1838 | D:1      | Bought a scroll of poison for 44 gold pieces
  1882 | D:3      | Reached skill level 5 in Earth Magic
  2095 | D:3      | Reached XP level 5. HP: 22/28 MP: 0/10
  2950 | D:4      | Noticed a kobold brigand
  2957 | D:4      | Killed a kobold brigand
  2958 | D:4      | Reached skill level 1 in Short Blades
  2958 | D:4      | Reached XP level 6. HP: 25/33 MP: 8/11
  3000 | D:4      | Found a burning altar of Makhleb.
  3190 | D:4      | Reached skill level 1 in Shields
  3467 | D:5      | Entered Level 5 of the Dungeon
  3478 | D:5      | Found a glowing silver altar of Zin.
  3484 | D:5      | Reached skill level 1 in Fighting
  3653 | D:5      | Reached XP level 7. HP: 38/38 MP: 13/13
  3766 | D:5      | Reached skill level 6 in Earth Magic
  3852 | D:5      | Noticed Edmund
  3871 | D:5      | Killed Edmund
  4048 | D:5      | Noticed Duvessa
  4048 | D:5      | Noticed Dowan
  4065 | D:5      | Killed Duvessa
  4065 | D:5      | Killed Dowan
  4146 | D:5      | Noticed Grinder
  4307 | D:6      | Reached skill level 5 in Spellcasting
  4307 | D:6      | Reached XP level 8. HP: 37/43 MP: 15/15
  4314 | D:6      | Learned a level 3 spell: Passwall
  4345 | D:6      | Found a staircase to the Ecumenical Temple.
  4396 | Temple   | Entered the Ecumenical Temple
  4719 | D:5      | Killed Grinder
  4720 | D:5      | Reached skill level 7 in Earth Magic
  5064 | D:6      | HP: 1/44 [wight/+0 dagger (6)]
  5275 | D:6      | Reached XP level 9. HP: 49/49 MP: 15/17
  5559 | D:6      | Found a shimmering blue altar of Sif Muna.
  5886 | D:6      | Became a worshipper of Sif Muna the Loreminder
  5987 | D:7      | Reached skill level 8 in Earth Magic
  6154 | D:7      | Noticed a cyclops
  6423 | D:7      | Learned a level 3 spell: Stone Arrow
  7044 | D:7      | Reached skill level 5 in Dodging
  7087 | D:7      | Found a bloodstained altar of Trog.
  7100 | D:7      | Killed a cyclops
  7321 | D:8      | Reached XP level 10. HP: 47/56 MP: 20/20
  7556 | D:7      | Reached * piety under Sif Muna
  7661 | D:8      | Reached skill level 9 in Earth Magic
  7704 | D:7      | Reached skill level 5 in Short Blades
  7850 | D:8      | Noticed a two-headed ogre
  8189 | D:8      | Learned a level 4 spell: Brom's Barrelling Boulder
  8304 | D:8      | Killed a two-headed ogre
  9010 | D:8      | Reached ** piety under Sif Muna
  9141 | D:9      | Noticed Psyche
  9148 | D:9      | Killed Psyche
  9149 | D:9      | Reached skill level 5 in Stealth
  9234 | D:9      | HP: 1/56 [unseen horror zombie (5)]
  9235 | D:9      | Slain by an unseen horror zombie

Illustrated notes

Levels and vault maps discovered:
D:1:      tarquinn_simple_flora_water_d, layout_loops_cross, serial_shops,
          nicolae_shop_stone, shapermc_ecumenical_altar_acropolis,
          corexii_corridor_pit, minmay_close_crescents
D:2:      layout_basic, basic_altar, serial_bayou_lagoon_b
D:3:      layout_loops_ring, lexackson_kobold_supper
D:4:      layout_rooms, lemuel_crystal_altar
D:5:      layout_basic, zin_academy, uniq_duvessa, uniq_edmund, uniq_grinder
D:6:      layout_basic, mainiacjoe_overflow_catwalk, temple_doors_e
D:7:      layout_loops_ring, general_overflow_altar
D:8:      minmay_recursive_quarters, layout_rooms, introduction_to_nature_2
D:9:      layout_irregular_city, mainiacjoe_overflow_six_doors_small,
          nicolae_yredelemnul_corpse_copse, enter_bailey_1, uniq_psyche
Temple:   hellmonk_temple_flake

Skill      XL: |  1  2  3  4  5  6  7  8  9 10 |
---------------+-------------------------------+-----
Earth Magic    | 4 5 6 7 8 9 |  9.8
Dodging        | 2 3 4 5 6 |  6.1
Spellcasting   | 3 4 5 7 8 |  8.3
Short Blades   | 1 2 3 4 5 |  5.8
Stealth        | 3 4 5 |  5.0
Shields        | 1 |  1.0
Fighting       | 1 2 3 4 |  4.1
Conjurations   | 2 |  2.2

Action                     |  1- 3 |  4- 6 |  7- 9 | 10-12 || total
---------------------------+-------+-------+-------+-------++-------
  Melee: Short sword       |    55 |       |       |       ||    55
         Unarmed           |     1 |       |       |       ||     1
         Dagger            |    33 |   119 |   326 |   239 ||   717
         Punch             |       |     3 |     6 |     4 ||    13
   Cast: Sandblast         |    33 |    34 |    60 |    26 ||   153
         Stone Arrow       |       |       |     6 |    11 ||    17
         Brom's Barrelling |       |       |       |     3 ||     3
    Use: Scroll            |     1 |     6 |     5 |     1 ||    13
         Potion            |       |       |       |     2 ||     2
   Stab: Sleeping          |       |     1 |       |     3 ||     4
 Armour: Robe              |    52 |    62 |   260 |   289 ||   663
  Dodge: Dodged            |    62 |    71 |   243 |   248 ||   624
  Block: Other             |       |    12 |       |       ||    12

Table legend: (Time is in decaauts)
 A = Elapsed time spent in this place.
 B = Non-inter-level travel time spent in this place.
 C = Inter-level travel time spent in this place.
 D = Time resting spent in this place.
 E = Time spent auto-exploring this place.
 F = Levels seen in this place.
 G = Mean time per level.
                   A        B        C        D        E       F      G
               +--------+--------+--------+--------+--------+-----+--------+
         Total |   9187 |   8881 |    306 |   1469 |   3576 |  10 |  918.7 |
       Dungeon |   9143 |   8837 |    306 |   1469 |   3576 |   9 | 1015.9 |
        Temple |     43 |     43 |      0 |      0 |      0 |   1 |   43.0 |
               +--------+--------+--------+--------+--------+-----+--------+

Top non-repeatable levels by time:
     D:7: 1440 daAuts
     D:5: 1400 daAuts
     D:6: 1346 daAuts
     D:8: 1250 daAuts
     D:1: 963 daAuts
     D:2: 932 daAuts
     D:3: 857 daAuts
     D:4: 748 daAuts
     D:9: 203 daAuts
  Temple: 43 daAuts
